 Dungeon Crawl Stone Soup version 0.28-a0-724-g66f9036eb4 (webtiles) character file.

Game seed: 12594305924298634063

3 flotson the Sneak (level 1, -1/18 HPs)
             Began as a Demonspawn Delver on Oct 26, 2021.
             Killed by nerve-wracking pain
             ... invoked by a shadow imp
              (12 damage)
             ... on level 5 of the Dungeon.
             The game lasted 00:00:09 (130 turns).

flotson the Sneak (Demonspawn Delver)                Turns: 130, Time: 00:00:10

Health: -1/18      AC:  3    Str: 12    XL:     1   Next: 41%
Magic:  1/1        EV: 11    Int: 11    God:
Gold:   14         SH:  0    Dex: 14    Spells: 0/0 levels left

rFire   . . .      SeeInvis .   a - +0 hand axe
rCold   . . .      Faith    .   (no shield)
rNeg    . . .      Spirit   .   b - +0 leather armour
rPois   .          Reflect  .   (no helmet)
rElec   .          Harm     .   (no cloak)
rCorr   .          Rampage  .   (no gloves)
Will    .....                   (no boots)
Stlth   ++........              (no amulet)
HPRegen 0.06/turn               (no ring)
MPRegen 0.07/turn               (no ring)

@: no status effects
A: no striking features
a: no special abilities


You were on level 5 of the Dungeon.
You visited 1 branch of the dungeon, and saw 1 of its levels.

You collected 14 gold pieces.

Inventory:

Hand Weapons
 a - a +0 hand axe (weapon)
Armour
 b - a +0 leather armour (worn)
Wands
 g - a wand of digging (3)
Scrolls
 c - a scroll of fog
 d - a scroll of magic mapping
 e - a scroll of fear
 h - 3 scrolls of amnesia {unknown}
Potions
 f - a potion of haste


   Skills:
 + Level 3.0 Fighting
 + Level 1.8 Axes
 + Level 0.2 Armour
 + Level 1.8 Dodging
 - Level 4.5 Stealth


You couldn't memorise any spells.
You didn't know any spells.
Your spell library was empty.

Dungeon Overview and Level Annotations

Branches:
Dungeon (5/15)
 Temple: D:4-7

Altars:

Annotations:
D:5 1 runed translucent door, BigDaddyOpFi's ghost, novice GrFi


Message History

You hit the adder skeleton.
The adder skeleton is heavily damaged.
The adder skeleton bites you but does no damage.
The adder skeleton barely misses you.
You hit the adder skeleton.
The adder skeleton is almost destroyed.
The adder skeleton barely misses you.
You hit the adder skeleton.
You destroy the adder skeleton!
No target in view!
No target in view!
No target in view!
No target in view!
No target in view!
HP restored.
h - 3 scrolls labelled WYACHOEKLO A shadow imp comes into view.
You hit the shadow imp but do no damage.
The shadow imp hits you.
You hit the shadow imp.
The shadow imp is moderately wounded.
The shadow imp hits you but does no damage.
The shadow imp barely misses you.
You hit the shadow imp.
The shadow imp is almost dead.
The shadow imp hits you but does no damage.
You completely miss the shadow imp.
The shadow imp is almost dead.
The shadow imp misses you.
You closely miss the shadow imp.
The shadow imp is almost dead.
The shadow imp gestures at you. Pain shoots through your body!
You hit the shadow imp but do no damage.
The shadow imp is almost dead.
The shadow imp hits you. The shadow imp gestures at you.
Pain shoots through your body!
Ouch! That really hurt!
You die...

# # #.# ## #.#
.## #.# ..##
#.#
...######.#
#.#
#.........#
#.#
#..########
#5# #..# #@#
...# ######.#
..## #......#
.## #.######
##
#######.######
#
#............#
#
#.#####.####.#
# #.# #.#
#####.# #.#


You could see a shadow imp.

Vanquished Creatures
  An adder skeleton (D:5)
1 creature vanquished.

Notes
Turn   | Place    | Note
-------+----------+-------------------------------------------
     0 | D:5      | flotson the Demonspawn Delver began the quest for the Orb.
     0 | D:5      | Reached XP level 1. HP: 18/18 MP: 1/1
     4 | D:5      | Found a runed translucent door.
     4 | D:5      | Noticed BigDaddyOpFi's ghost (novice GrFi)
   130 | D:5      | Killed from afar by a shadow imp

Illustrated notes

Levels and vault maps discovered:
D:5:      layout_loops_ring, hellmonk_ghost_happy_afterlife, uniq_ijyb

Action                   || total
-------------------------++-------
Melee: Hand axe          ||     9
Armor: Leather armour    ||     3
Dodge: Dodged            ||     4

Table legend: (Time is in decaauts)
 A = Elapsed time spent in this place.
 B = Non-inter-level travel time spent in this place.
 C = Inter-level travel time spent in this place.
 D = Time resting spent in this place.
 E = Time spent auto-exploring this place.
 F = Levels seen in this place.
 G = Mean time per level.
                   A        B        C        D        E       F      G
               +--------+--------+--------+--------+--------+-----+--------+
         Total |    131 |    131 |      0 |      0 |    111 |   1 |  131.0 |
       Dungeon |    131 |    131 |      0 |      0 |    111 |   1 |  131.0 |
               +--------+--------+--------+--------+--------+-----+--------+

Top non-repeatable levels by time:
     D:5: 131 daAuts
